Map: Prion Terraces

Players

Zerg - Winner!

  • Race: Zerg Zerg
  • League: Diamond

ILLBdA

  • Race: Protoss Protoss
  • League: Diamond

VOD

Have the link to the VOD?

Description

Time

  • Played on: Dec. 20, 2015, 9:36 a.m.
  • Length: 7:43
Show
View Real Time Build Order
Export as new Build Order

Zerg Zerg - Winner!

Build Orders: Hatch First 

Get SALT Encoding   

  12  0:00  Drone  
  13  0:12  Overlord  
  13  0:18  Drone  
  14  0:31  Drone x2  
  17  0:35  Drone  
  17  0:46  Drone  
  18  0:56  Drone  
  19  1:06  Drone  
  20  1:17  Hatchery  
  19  1:22  Spawning Pool  
  19  1:24  Drone, Extractor  
  18  1:28  Drone  
  19  1:39  Drone  
  20  1:49  Hatchery  
  19  1:54  Drone  
  20  2:03  Drone  
  21  2:11  Roach Warren  
  21  2:13  Queen  
  22  2:20  Overlord  
  22  2:35  Queen  
  22  2:36  Metabolic Boost  
  24  2:49  Queen  
  26  2:52  Roach  
  26  2:55  Roach  
  30  3:07  Zergling x4  
  30  3:10  Drone x2  
  34  3:18  Drone  
  35  3:28  Drone x3  
  35  3:32  Drone x2  
  40  3:48  Zergling x4  
  42  3:52  Overlord  
  42  3:53  Lair  
  42  4:03  Overlord  
  42  4:13  Drone x7  
  42  4:14  Drone x3  
  50  4:17  Extractor  
  50  4:18  Drone  
  50  4:27  Drone x2  
  50  4:28  Drone x3  
  55  4:45  Hatchery, Overlord  
  54  4:47  Drone x2  
  54  4:48  Drone x2  
  54  4:51  Extractor  
  54  4:52  Overlord  
  57  4:55  Spore Crawler, Queen  
  58  5:04  Spore Crawler, Hydralisk Den, Glial Reconstitution  
  58  5:06  Zergling x6  
  61  5:07  Drone x2  
  61  5:11  Drone x4  
  65  5:19  Overlord  
  65  5:22  Drone x3  
  65  5:24  Extractor  
  67  5:40  Muscular Augments  
  67  5:46  Drone x5  
  72  5:53  Overseer  
  72  6:00  Overlord  
  72  6:02  Drone x2  
  74  6:05  Hydralisk x6  
  74  6:11  Overlord, Roach x2  
  88  6:13  Spore Crawler  
  88  6:14  Spine Crawler  
  88  6:15  Spine Crawler  
  88  6:16  Extractor  
  83  6:26  Overlord x2  
  83  6:29  Queen x2  
  86  6:38  Hydralisk  
  86  6:39  Overlord x2  
  87  6:53  Hydralisk  
  87  6:54  Hydralisk x7  
  89  6:56  Zergling x2  
  89  7:00  Hydralisk  
  96  7:02  Zergling x12  
  94  7:08  Zergling x4  
  94  7:09  Zergling x2  
  94  7:14  Hydralisk x2  
  94  7:15  Hydralisk  
  98  7:24  Zergling x8  
  109  7:38  Spore Crawler  
  109  7:39  Spine Crawler, Extractor  
  109  7:40  Spine Crawler  
Show
View Real Time Build Order
Export as new Build Order

ILLBdA Protoss 

Build Orders: 1 Gate Expand 

Get SALT Encoding   

  12  0:01  Probe (Chrono Boost)  
  13  0:15  Pylon  
  13  0:17  Probe (Chrono Boost)  
  14  0:37  Gateway  
  14  0:38  Probe (Chrono Boost)  
  15  0:45  Assimilator  
  15  0:48  Probe (Chrono Boost)  
  16  0:59  Probe (Chrono Boost)  
  16  1:01  Gateway  
  17  1:09  Probe (Chrono Boost)  
  18  1:20  Probe (Chrono Boost)  
  18  1:25  Cybernetics Core  
  19  1:44  Nexus  
  19  2:01  Adept x2  
  23  2:02  Warp Gate  
  23  2:07  Pylon  
  23  2:11  Assimilator  
  23  2:28  Adept  
  25  2:39  Sentry  
  25  2:40  Probe (Chrono Boost)  
  29  2:51  Probe (Chrono Boost)  
  29  2:59  Probe (Chrono Boost)  
  29  3:04  Probe (Chrono Boost)  
  31  3:10  Probe (Chrono Boost)  
  32  3:14  Probe (Chrono Boost)  
  31  3:20  Probe (Chrono Boost)  
  31  3:24  Pylon  
  31  3:25  Mothership Core (Chrono Boost)  
  31  3:26  Pylon  
  34  3:27  Stargate  
  34  3:36  Probe (Chrono Boost)  
  35  3:46  Gateway  
  35  3:49  Probe (Chrono Boost)  
  35  3:54  Probe (Chrono Boost)  
  37  4:01  Probe (Chrono Boost)  
  37  4:02  Forge  
  38  4:05  Probe (Chrono Boost)  
  38  4:06  Sentry x2  
  44  4:17  Probe (Chrono Boost)  
  44  4:18  Probe (Chrono Boost)  
  45  4:25  Assimilator x2  
  45  4:33  Void Ray (Chrono Boost)  
  49  4:39  Probe (Chrono Boost)  
  49  4:41  Photon Cannon  
  49  4:43  Probe (Chrono Boost)  
  51  4:50  Pylon  
  51  5:04  Gateway  
  51  5:06  Gateway  
  51  5:12  Adept  
  51  5:13  Adept  
  55  5:14  Void Ray (Chrono Boost)  
  59  5:22  Pylon  
  59  5:42  Gateway, Adept  
  59  5:43  Gateway, Adept  
  63  5:52  Phoenix (Chrono Boost)  
  65  6:02  Stalker x2  
  69  6:08  Stalker x2  
  73  6:16  Stalker  
  75  6:24  Pylon  
  75  6:25  Sentry, Pylon  
  53  7:29  Adept  
  53  7:30  Adept x4  
  57  7:39  Pylon  
Tags
 
Add a new tag
Caveats
  • Supply blocks, unpowered buildings, or Contaminate may cause inaccurate times.
  • Supply counts are checked every 10 seconds.